TOP OF THE 1ST |
Greenville Drive batting - Pitching for Bowling Green Hot Rods : LHP Dave Lindsay
|
Pitching: LHP Dave Lindsay
|
|
Batting: RHB Tony Nunez
|
0-0: Swinging Strike 0-1: SINGLE (Groundball, 56D, EV 105.6 MPH)
|
Batting: RHB Ted Emmerich
|
0-0: Ball 1-0: Foul Ball, location: 2F 1-1: Ball 2-1: Ball 3-1: Base on Balls Tony Nunez to second
|
Batting: RHB Alex Cardenas
|
0-0: Called Strike 0-1: Grounds into double play, 5-4-3 (Groundball, 56, EV 82.5 MPH) Tony Nunez to third
|
Batting: RHB Adugna Chandu
|
0-0: SINGLE (Line Drive, 34D, EV 99.4 MPH) Tony Nunez scores
|
Batting: RHB Paul Long
|
0-0: Fly out, F7 (Flyball, 7D, EV 103.8 MPH)
|
Top of the 1st over - 1 run, 2 hits, 0 errors, 1 left on base; Greenville 1 - Bowling Green 0 |
BOTTOM OF THE 1ST |
Bowling Green Hot Rods batting - Pitching for Greenville Drive : RHP Dan Jenkins
|
Pitching: RHP Dan Jenkins
|
|
Batting: RHB Adam Turpin
|
0-0: Foul Ball, location: 2F 0-1: Called Strike 0-2: Strikes out swinging
|
Batting: RHB Alex Zamora
|
0-0: Ball 1-0: Foul Ball, location: 2F 1-1: DOUBLE (Line Drive, 89XD, EV 101.2 MPH)
|
Batting: SHB Wayne Hattan
|
0-0: Ground out 4-3 (Groundball, 4, EV 80.6 MPH) Alex Zamora to third
|
Batting: LHB Mario Ocana
|
0-0: Ball 1-0: Ball 2-0: Foul Ball, location: 2F 2-1: Foul Ball, location: 2F 2-2: Ball 3-2: Ground out 1-3 (Groundball, 15S, EV 68.8 MPH)
|
Bottom of the 1st over - 0 runs, 1 hit, 0 errors, 1 left on base; Greenville 1 - Bowling Green 0 |
TOP OF THE 2ND |
Greenville Drive batting - Pitching for Bowling Green Hot Rods : LHP Dave Lindsay
|
Batting: RHB Bobby Schimke
|
0-0: Ball 1-0: Foul Ball, location: 2F 1-1: Swinging Strike 1-2: Ball 2-2: Foul Ball, location: 2F 2-2: SINGLE (Groundball, 56D, EV 95.0 MPH)
|
Batting: LHB Carlos Guerra
|
0-0: Ball 1-0: Foul Ball, location: 2F 1-1: Called Strike 1-2: Ball 2-2: Foul Ball, location: 2F 2-2: Grounds into double play, 4-6-3 (Groundball, 34, EV 85.0 MPH)
|
Batting: RHB Scott Hawkins
|
0-0: Ball 1-0: Called Strike 1-1: DOUBLE (Groundball, 5L, EV 103.1 MPH)
|
Batting: RHB Roger Mitchell
|
0-0: Ball 1-0: Called Strike 1-1: Swinging Strike 1-2: Foul Ball, location: 2F 1-2: Strikes out swinging
|
Top of the 2nd over - 0 runs, 2 hits, 0 errors, 1 left on base; Greenville 1 - Bowling Green 0 |
BOTTOM OF THE 2ND |
Bowling Green Hot Rods batting - Pitching for Greenville Drive : RHP Dan Jenkins
|
Batting: RHB Isaiah Easter
|
0-0: Ball 1-0: Foul Ball, location: 2F 1-1: Foul Ball, location: 2F 1-2: Foul Ball, location: 2F 1-2: Strikes out swinging
|
Batting: LHB Rich Matthews
|
0-0: Foul Ball, location: 2F 0-1: SINGLE (Line Drive, 89S, EV 103.8 MPH)
|
Batting: RHB Kunizo Yanagisawa
|
0-0: Ball 1-0: Ball 2-0: Ball 3-0: Base on Balls Rich Matthews to second
|
Batting: RHB Jason Penfield
|
0-0: Fly out, F9 (Flyball, 89M, EV 66.9 MPH)
|
Batting: RHB Jim Erdody
|
0-0: SINGLE (Line Drive, 6M, EV 95.6 MPH) Rich Matthews to third Kunizo Yanagisawa to second
|
Batting: RHB Adam Turpin
|
0-0: Foul Ball, location: 2F 0-1: Foul Ball, location: 2F 0-2: Strikes out swinging
|
Bottom of the 2nd over - 0 runs, 2 hits, 0 errors, 3 left on base; Greenville 1 - Bowling Green 0 |
TOP OF THE 3RD |
Greenville Drive batting - Pitching for Bowling Green Hot Rods : LHP Dave Lindsay
|
Batting: RHB Tony Nunez
|
0-0: Foul Ball, location: 2F 0-1: Called Strike 0-2: Strikes out swinging
|
Batting: RHB Ted Emmerich
|
0-0: Ball 1-0: Foul Ball, location: 2F 1-1: Foul Ball, location: 2F 1-2: Strikes out swinging
|
Batting: RHB Alex Cardenas
|
0-0: Called Strike 0-1: Foul Ball, location: 2F 0-2: Foul Ball, location: 2F 0-2: Ball 1-2: Strikes out looking
|
Top of the 3rd over - 0 runs, 0 hits, 0 errors, 0 left on base; Greenville 1 - Bowling Green 0 |
BOTTOM OF THE 3RD |
Bowling Green Hot Rods batting - Pitching for Greenville Drive : RHP Dan Jenkins
|
Batting: RHB Alex Zamora
|
0-0: Called Strike 0-1: Ball 1-1: Foul Ball, location: 2F 1-2: Ball 2-2: Ball 3-2: Base on Balls
|
Batting: SHB Wayne Hattan
|
0-0: Ball 1-0: Called Strike 1-1: SINGLE (Line Drive, 78S, EV 105.6 MPH) Alex Zamora to second
|
Batting: LHB Mario Ocana
|
0-0: Ball 1-0: Called Strike 1-1: Fielders Choice at 2nd, 3-6 (Groundball, 3, EV 88.8 MPH) Alex Zamora to third
|
Batting: RHB Isaiah Easter
|
0-0: Called Strike 0-1: Ball 1-1: Foul Ball, location: 2F 1-2: Strikes out looking
|
Batting: LHB Rich Matthews
|
0-0: Ball 1-0: Called Strike 1-1: Swinging Strike 1-2: Strikes out swinging
|
Bottom of the 3rd over - 0 runs, 1 hit, 0 errors, 2 left on base; Greenville 1 - Bowling Green 0 |
TOP OF THE 4TH |
Greenville Drive batting - Pitching for Bowling Green Hot Rods : LHP Dave Lindsay
|
Batting: RHB Adugna Chandu
|
0-0: Foul Ball, location: 2F 0-1: Swinging Strike 0-2: Ground out 3-1 (Groundball, 34, EV 102.5 MPH)
|
Batting: RHB Paul Long
|
0-0: Ball 1-0: Called Strike 1-1: Foul Ball, location: 2F 1-2: Foul Ball, location: 2F 1-2: Ball 2-2: Strikes out swinging
|
Batting: RHB Bobby Schimke
|
0-0: Swinging Strike 0-1: Ground out 5-3 (Groundball, 5, EV 101.2 MPH)
|
Top of the 4th over - 0 runs, 0 hits, 0 errors, 0 left on base; Greenville 1 - Bowling Green 0 |
BOTTOM OF THE 4TH |
Bowling Green Hot Rods batting - Pitching for Greenville Drive : RHP Dan Jenkins
|
Batting: RHB Kunizo Yanagisawa
|
0-0: Ball 1-0: Called Strike 1-1: Ball 2-1: Called Strike 2-2: Hit by Pitch
|
Batting: RHB Jason Penfield
|
0-0: Foul Ball, location: 2F 0-1: Ball 1-1: Ball 2-1: Called Strike 2-2: Strikes out looking
|
Batting: RHB Jim Erdody
|
0-0: Ball Kunizo Yanagisawa steals 2nd base 1-0: Foul Ball, location: 2F 1-1: Ball 2-1: Called Strike 2-2: Fly out, F8 (Flyball, 8LD, EV 92.5 MPH)
|
Batting: RHB Adam Turpin
|
0-0: Swinging Strike 0-1: SINGLE (Groundball, 4M, EV 101.9 MPH) (infield hit) Kunizo Yanagisawa to third
|
Batting: RHB Alex Zamora
|
0-0: Called Strike 0-1: Foul Ball, location: 2F 0-2: Fielders Choice at 2nd, 5-4 (Groundball, 56, EV 89.4 MPH)
|
Bottom of the 4th over - 0 runs, 1 hit, 0 errors, 2 left on base; Greenville 1 - Bowling Green 0 |
TOP OF THE 5TH |
Greenville Drive batting - Pitching for Bowling Green Hot Rods : LHP Dave Lindsay
|
Batting: LHB Carlos Guerra
|
0-0: Ball 1-0: Called Strike 1-1: Swinging Strike 1-2: Ball 2-2: Foul Ball, location: 2F 2-2: Ball 3-2: Foul Ball, location: 2F 3-2: Foul Ball, location: 2F 3-2: Foul Ball, location: 2F 3-2: Ground out 5-3 (Groundball, 6, EV 99.4 MPH)
|
Batting: RHB Scott Hawkins
|
0-0: Foul Ball, location: 2F 0-1: Called Strike 0-2: Ball 1-2: Fly out, F8 (Flyball, 8LD, EV 95.6 MPH)
|
Batting: RHB Roger Mitchell
|
0-0: Ball 1-0: Ball 2-0: Ball 3-0: Called Strike 3-1: Fly out, F8 (Flyball, 89M, EV 86.9 MPH)
|
Top of the 5th over - 0 runs, 0 hits, 0 errors, 0 left on base; Greenville 1 - Bowling Green 0 |
BOTTOM OF THE 5TH |
Bowling Green Hot Rods batting - Pitching for Greenville Drive : RHP Dan Jenkins
|
Batting: SHB Wayne Hattan
|
0-0: Ball 1-0: Ball 2-0: Ground out 4-3 (Groundball, 4, EV 86.2 MPH)
|
Batting: LHB Mario Ocana
|
0-0: Ball 1-0: Ball 2-0: Called Strike 2-1: Foul Ball, location: 2F 2-2: Ball 3-2: Ground out U3 (Groundball, 3L, EV 85.6 MPH)
|
Batting: RHB Isaiah Easter
|
0-0: Fly out, F9 (Flyball, 9LSF, EV 96.2 MPH)
|
Bottom of the 5th over - 0 runs, 0 hits, 0 errors, 0 left on base; Greenville 1 - Bowling Green 0 |
TOP OF THE 6TH |
Greenville Drive batting - Pitching for Bowling Green Hot Rods : LHP Dave Lindsay
|
Batting: RHB Tony Nunez
|
0-0: Swinging Strike 0-1: Ball 1-1: Foul Ball, location: 2F 1-2: Ball 2-2: Ball 3-2: Foul Ball, location: 2F 3-2: Foul Ball, location: 2F 3-2: Strikes out looking
|
Pitching: RHP Jesse Rosa
|
|
Batting: RHB Ted Emmerich
|
0-0: Foul Ball, location: 2F 0-1: Swinging Strike 0-2: Fly out, F7 (Flyball, 78M, EV 80.6 MPH)
|
Batting: RHB Alex Cardenas
|
0-0: SINGLE (Line Drive, 8LS, EV 106.9 MPH)
|
Batting: RHB Adugna Chandu
|
0-0: Ball 1-0: Called Strike 1-1: Ball Wild Pitch! Alex Cardenas to second 2-1: 2-RUN HOME RUN (Flyball, 9LD, EV 91.2 MPH), Distance : 350 ft
|
Batting: RHB Paul Long
|
0-0: Ball 1-0: Swinging Strike 1-1: Ball 2-1: Ball 3-1: Swinging Strike 3-2: Base on Balls
|
Batting: RHB Bobby Schimke
|
0-0: DOUBLE (Line Drive, 9LM, EV 100.0 MPH) Paul Long to third
|
Batting: LHB Carlos Guerra
|
0-0: Called Strike 0-1: Swinging Strike 0-2: Ball Wild Pitch! Paul Long scores Bobby Schimke to third 1-2: Ball 2-2: Foul Ball, location: 2F 2-2: Strikes out looking
|
Top of the 6th over - 3 runs, 3 hits, 0 errors, 1 left on base; Greenville 4 - Bowling Green 0 |
BOTTOM OF THE 6TH |
Bowling Green Hot Rods batting - Pitching for Greenville Drive : RHP Dan Jenkins
|
Batting: LHB Rich Matthews
|
0-0: Ball 1-0: Ball 2-0: Fly out, F8 (Flyball, 8LD, EV 92.5 MPH)
|
Batting: RHB Kunizo Yanagisawa
|
0-0: Ball 1-0: Ball 2-0: Ball 3-0: Called Strike 3-1: Swinging Strike 3-2: Fly out, F9 (Flyball, 9LS, EV 93.8 MPH)
|
Batting: RHB Jason Penfield
|
0-0: Ball 1-0: Ball 2-0: Foul Ball, location: 2F 2-1: Foul Ball, location: 2F 2-2: Fly out, F8 (Line Drive, 8LM, EV 94.4 MPH)
|
Bottom of the 6th over - 0 runs, 0 hits, 0 errors, 0 left on base; Greenville 4 - Bowling Green 0 |
TOP OF THE 7TH |
Greenville Drive batting - Pitching for Bowling Green Hot Rods : RHP Jesse Rosa
|
Pitching: RHP Josh Heath
|
|
Batting: RHB Scott Hawkins
|
0-0: Ball 1-0: Ground out 3-1 (Groundball, 13, EV 85.6 MPH)
|
Batting: RHB Roger Mitchell
|
0-0: Ball 1-0: Ball 2-0: Swinging Strike 2-1: Swinging Strike 2-2: Strikes out swinging
|
Pitching: RHP Brandon Isabell
|
|
Batting: RHB Tony Nunez
|
0-0: Fly out, F8 (Flyball, 78XD, EV 105.0 MPH)
|
Top of the 7th over - 0 runs, 0 hits, 0 errors, 0 left on base; Greenville 4 - Bowling Green 0 |
BOTTOM OF THE 7TH |
Bowling Green Hot Rods batting - Pitching for Greenville Drive : RHP Dan Jenkins
|
Pitching: RHP Adrian Colorado
|
|
Batting: RHB Jim Erdody
|
0-0: Called Strike 0-1: Swinging Strike 0-2: Fly out, F8 (Flyball, 8RD, EV 95.0 MPH)
|
Batting: RHB Adam Turpin
|
0-0: Ball 1-0: Ground out 5-3 (Groundball, 56, EV 80.0 MPH)
|
Batting: RHB Alex Zamora
|
0-0: Ball 1-0: Foul Ball, location: 2F 1-1: Reached on error, E3 (Groundball, 34, EV 89.4 MPH)
|
Batting: SHB Wayne Hattan
|
0-0: Foul Ball, location: 2F 0-1: Ball 1-1: Foul Ball, location: 2F 1-2: Ball 2-2: Ball 3-2: Base on Balls Alex Zamora to second
|
Batting: LHB Mario Ocana
|
0-0: Called Strike 0-1: Called Strike 0-2: SINGLE (Groundball, 4MS, EV 68.1 MPH) (infield hit) Alex Zamora to third Wayne Hattan to second
|
Batting: RHB Isaiah Easter
|
0-0: Ball 1-0: Ball 2-0: SINGLE (Groundball, 4MD, EV 103.8 MPH) Alex Zamora scores Wayne Hattan to third Mario Ocana to second
|
Batting: LHB Rich Matthews
|
0-0: Ball 1-0: SINGLE (Groundball, 34D, EV 107.5 MPH) Wayne Hattan scores Mario Ocana to third Isaiah Easter to second Runner from 3rd tries for Home, SAFE, throw by RF to home
|
Batting: RHB Kunizo Yanagisawa
|
0-0: Foul Ball, location: 2F 0-1: Swinging Strike 0-2: Ball 1-2: Ball 2-2: Foul Ball, location: 2F 2-2: Foul Ball, location: 2F 2-2: Strikes out swinging
|
Bottom of the 7th over - 3 runs, 3 hits, 1 error, 2 left on base; Greenville 4 - Bowling Green 3 |
TOP OF THE 8TH |
Greenville Drive batting - Pitching for Bowling Green Hot Rods : RHP Brandon Isabell
|
Pinch Hitting: LHB Eddie Contreras
|
0-0: Swinging Strike 0-1: Ground out 6-3 (Groundball, 6D, EV 83.8 MPH)
|
Batting: RHB Alex Cardenas
|
0-0: Called Strike 0-1: Foul Ball, location: 2F 0-2: Ball 1-2: Strikes out looking
|
Batting: RHB Adugna Chandu
|
0-0: Foul Ball, location: 2F 0-1: Ground out 5-3 (Groundball, 56S, EV 81.9 MPH)
|
Top of the 8th over - 0 runs, 0 hits, 0 errors, 0 left on base; Greenville 4 - Bowling Green 3 |
BOTTOM OF THE 8TH |
Bowling Green Hot Rods batting - Pitching for Greenville Drive : RHP Adrian Colorado
|
Pitching: RHP Ross Ratcliffe
|
|
Now at 2B: Bobby Schimke
|
|
Now at 3B: Roger Mitchell
|
|
Now at SS: Mike Rosa
|
|
Now in CF: John Buff
|
|
Batting: RHB Jason Penfield
|
0-0: Fly out, F9 (Flyball, 9LS, EV 85.0 MPH)
|
Batting: RHB Jim Erdody
|
0-0: Ball 1-0: Called Strike 1-1: Foul Ball, location: 2F 1-2: Foul Ball, location: 2F 1-2: Fly out, F9 (Flyball, 9D, EV 97.5 MPH)
|
Batting: RHB Adam Turpin
|
0-0: Called Strike 0-1: Called Strike 0-2: Ball 1-2: Ball 2-2: Ground out 6-3 (Groundball, 6, EV 101.2 MPH)
|
Bottom of the 8th over - 0 runs, 0 hits, 0 errors, 0 left on base; Greenville 4 - Bowling Green 3 |
TOP OF THE 9TH |
Greenville Drive batting - Pitching for Bowling Green Hot Rods : RHP Brandon Isabell
|
Pitching: RHP Andres Morales
|
|
Pinch Hitting: LHB Danny Montoya
|
0-0: Called Strike 0-1: Swinging Strike 0-2: Foul Ball, location: 2F 0-2: Strikes out looking
|
Batting: RHB Bobby Schimke
|
0-0: Called Strike 0-1: Ball 1-1: Ball 2-1: Foul Ball, location: 2F 2-2: Fly out, F2 (Popup, 3SF, EV 85.0 MPH)
|
Batting: LHB Carlos Guerra
|
0-0: Ground out 6-3 (Groundball, 6M, EV 100.6 MPH)
|
Top of the 9th over - 0 runs, 0 hits, 0 errors, 0 left on base; Greenville 4 - Bowling Green 3 |
BOTTOM OF THE 9TH |
Bowling Green Hot Rods batting - Pitching for Greenville Drive : RHP Ross Ratcliffe
|
Pitching: LHP Jason Salzer
|
|
Now at C: Robert Soto
|
|
Batting: RHB Alex Zamora
|
0-0: Called Strike 0-1: Ball 1-1: Ground out 6-3 (Groundball, 56, EV 97.5 MPH)
|
Batting: SHB Wayne Hattan
|
0-0: Ball 1-0: Ball 2-0: Called Strike 2-1: Ground out 5-3 (Groundball, 5, EV 90.0 MPH)
|
Batting: LHB Mario Ocana
|
0-0: SINGLE (Groundball, 34D, EV 111.2 MPH)
|
Batting: RHB Isaiah Easter
|
0-0: Called Strike 0-1: Called Strike 0-2: Ground out 5-3 (Groundball, 56S, EV 67.5 MPH)
|
Bottom of the 9th over - 0 runs, 1 hit, 0 errors, 1 left on base; Greenville 4 - Bowling Green 3 |
|